 Dungeon Crawl Stone Soup version 0.28.0 (webtiles) character file.

Game seed: 13261738455967582948

79 Ayyar the Chopper (level 4, 0/40 HPs)
             Began as a Hill Orc Monk on May 13, 2022.
             Killed from afar by an orc wizard (5 damage)
             ... with a magic dart
             ... on level 3 of the Dungeon.
             The game lasted 00:04:39 (1992 turns).

Ayyar the Chopper (Hill Orc Monk)                   Turns: 1992, Time: 00:04:39

Health: 0/40       AC:  7    Str: 15    XL:     4   Next: 37%
Magic:  4/4        EV: 10    Int: 10    God:
Gold:   115        SH:  0    Dex: 13    Spells: 3/3 levels left

rFire   . . .      SeeInvis .   a - +0 hand axe
rCold   . . .      Faith    .   (no shield)
rNeg    . . .      Spirit   .   g - +0 scale mail
rPois   .          Reflect  .   (no helmet)
rElec   .          Harm     .   (no cloak)
rCorr   .          Rampage  .   d - +0 pair of gloves
Will    .....                   (no boots)
Stlth   +.........              (no amulet)
HPRegen 0.13/turn               (no ring)
MPRegen 0.09/turn               (no ring)

@: no status effects
A: no striking features
a: no special abilities


You were on level 3 of the Dungeon.
You visited 1 branch of the dungeon, and saw 3 of its levels.

You collected 115 gold pieces.

Inventory:

Hand Weapons
 a - a +0 hand axe (weapon)
Armour
 d - a +0 pair of gloves (worn)
 g - a +0 scale mail (worn)
Scrolls
 b - a scroll of identify {unknown}
 h - a scroll of immolation {unknown}
 i - a scroll of noise {unknown}
 j - a scroll of enchant weapon {unknown}
Potions
 c - 2 potions of flight {unknown}
 e - a potion of curing {unknown}
 f - a potion of resistance {unknown}


   Skills:
 + Level 4.3 Fighting
 * Level 5.4 Axes
 + Level 2.8 Dodging
 - Level 2.0 Stealth


You had 3 spell levels left.
You didn't know any spells.
Your spell library contained the following spells:

 Spells                   Type           Power      Damage    Failure   Level
 Stone Arrow              Conj/Erth      0%         3d7       99%         3
 Tukima's Dance           Hex            0%         N/A       99%         3
 Animate Armour           Summ/Erth      0%         N/A       100%        4
 Passage of Golubria      Tloc           0%         N/A       100%        4
 Yara's Violent Unravell  Hex/Tmut       0%         3d3       100%        5
 Lehudib's Crystal Spear  Conj/Erth      0%         10d2      100%        8


Dungeon Overview and Level Annotations

Branches:
Dungeon (3/15)

Altars:

Shops:
D:1 =*   D:3 (


Message History

You now have 104 gold pieces (gained 10).
i - a scroll labelled NUUPE JIYMI
Found a spear.
Found a stone staircase leading up.
j - a scroll labelled JEKHIUKIBUICH You pick up Great Wizards, Vol.
VII and begin reading...
You add the spells Tukima's Dance, Passage of Golubria and Yara's Violent Unravelling to your library.
You enter the shallow water.
Moving in this stuff is going to be slow.
You now have 115 gold pieces (gained 11).
You enter the shallow water.
Moving in this stuff is going to be slow.
An orc comes into view. It is wielding a +0 club.
An orc wizard comes into view. It is wielding a +0 dagger.
The orc wizard shouts!
An orc comes into view. It is wielding a +0 flail.
An orc comes into view.
It is wielding a +2 hand axe of distortion.
The orc shouts!
The orc wizard points at you and mumbles some strange words.
You resist with some effort.
The orc wizard gestures at you while chanting.
The puff of flame misses you. The orc wizard casts a spell at you.
The puff of flame hits you!
An orc wizard comes into view. It is wielding a +1 dagger of speed.
The orc wizard shouts!
The orc wizard casts a spell.
The orc wizard flickers and vanishes!
Deactivating autopickup; reactivate with Ctrl-A.
You completely miss the orc. The orc barely misses you.
You hit the orc but do no damage. The orc closely misses you.
You slash the orc!
You kill the orc!
The orc hits you with a +2 hand axe of distortion.
Space warps around you.
The orc hits you with a +2 hand axe of distortion.
Space warps horribly around you!
* * * LOW HITPOINT WARNING * * *
The orc wizard points at you and mumbles some strange words.
The magic dart hits you.
You die...

#####.....######## #....###'
....#.....# #.#.##...
.##.......######## #.#.##.#+
.................########.#.##.#.
..............................<..
.#...<..#o...#.#.####.###.####.#.
#....#....#...#.# #.# #.#......
#.....##..###o#.####.###.##.#...
..........{oo...@..(......##.....
....#......####..##...######.....
.................##.8............
....).......###...#...#.#.##.....
...##.###.###...8.∩<8.####)....
...+..#.........##..#...##.....
.. #####........##8.###.##.....
##...............##.....
##......##..######.....


You could see an orc wizard and 2 orcs.

Vanquished Creatures
  3 adders
  A worm (D:2)
  An orc (D:3)
  6 bats
  5 endoplasms
  7 goblins
  4 hobgoblins
  4 kobolds (D:1)
  3 quokkas
  4 ball pythons
  A frilled lizard (D:2)
  6 rats
45 creatures vanquished.

Notes
Turn   | Place    | Note
-------+----------+-------------------------------------------
     0 | D:1      | Ayyar the Hill Orc Monk began the quest for the Orb.
     0 | D:1      | Reached XP level 1. HP: 19/19 MP: 1/1
    45 | D:1      | Found Ytirchoo's General Store.
    73 | D:1      | Reached XP level 2. HP: 23/27 MP: 2/2
   142 | D:1      | Found Mamaby's Jewellery Boutique.
   196 | D:1      | Found a faded altar of an unknown god.
   376 | D:1      | Reached XP level 3. HP: 27/33 MP: 3/3
   988 | D:2      | Reached skill level 5 in Axes
  1656 | D:3      | Reached XP level 4. HP: 31/40 MP: 4/4
  1894 | D:3      | Found Lubbimp's Weapon Shop.
  1992 | D:3      | Killed from afar by an orc wizard

Illustrated notes

Levels and vault maps discovered:
D:1:      scummos_arrival_checkerplants, layout_basic,
          chequers_ecumenical_altar_simple_redux, serial_shops,
          nicolae_diamond_shop, nicolae_shop_trees, solitary_fountain,
          minmay_close_crescents
D:2:      layout_basic
D:3:      layout_basic, serial_rivers, chequers_serial_rivers_micro_d,
          chequers_serial_rivers_room_a, chequers_serial_rivers_small_3,
          chequers_serial_rivers_micro_a, chequers_serial_rivers_room_b,
          chequers_serial_rivers_large_a, serial_shops,
          nicolae_shop_statue_plus, pf_guarded_unrand_delatra

Skill      XL: |  1  2  3 |
---------------+----------+-----
Stealth        | 2 |  2.0
Fighting       | 4 |  4.3
Axes           | 5 |  5.4
Dodging        | |  2.8

Action                   |  1- 3 |  4- 6 || total
-------------------------+-------+-------++-------
Melee: Hand axe          |   126 |    19 ||   145
Armor: Scale mail        |    47 |    19 ||    66
Dodge: Dodged            |    61 |    19 ||    80
